 Dungeon Crawl Stone Soup version 0.23.2-1-ga50397a (webtiles) character file.

Game seed: 1604239298971170475

802 Borgoz the Chopper (level 7, -13/63 HPs)
             Began as a Hill Orc Monk on May 25, 2019.
             Mangled by Prince Ribbit (16 damage)
             ... on level 5 of the Dungeon.
             The game lasted 00:07:43 (6217 turns).

Borgoz the Chopper (Hill Orc Monk)                  Turns: 6217, Time: 00:07:44

Health: -13/63     AC:  7    Str: 18    XL:     7   Next: 90%
Magic:  7/7        EV: 13    Int: 10    God:
Gold:   331        SH:  0    Dex: 13    Spells: 6/6 levels left

rFire    + . .     SeeInvis .   a - +1 hand axe
rCold    + . .     Gourm    +   (no shield)
rNeg     . . .     Faith    .   i - +1 ring mail
rPois    +         Spirit   .   (no helmet)
rElec    +         Reflect  .   (no cloak)
rCorr    +         Harm     .   (no gloves)
MR       .....                  (no boots)
Stlth    +.........             l - amulet of the gourmand
HPRegen  0.20/turn              (no ring)
MPRegen  0.10/turn              (no ring)

@: resistant
A: poison resistance, strong 1
a: no special abilities


You were on level 5 of the Dungeon.
You were very full.

You visited 1 branch of the dungeon, and saw 5 of its levels.

You collected 331 gold pieces.

Inventory:

Hand Weapons
 a - a +1 hand axe (weapon)
Armour
 i - a +1 ring mail (worn)
Jewellery
 e - an uncursed amulet of regeneration {unknown}
 l - an amulet of the gourmand (around neck)
Scrolls
 f - 2 scrolls of remove curse
 g - a scroll of fear
 k - a scroll of amnesia
Potions
 o - a potion of flight
Comestibles
 c - 15 rations


   Skills:
 + Level 6.2 Fighting
 + Level 6.8 Axes
 + Level 4.4 Armour
 + Level 4.3 Dodging
 - Level 1.5 Stealth


You had 6 spell levels left.
You didn't know any spells.
Your spell library contained the following spells:

 Spells                   Type           Power        Failure   Level  Hunger
 Corona                   Hex            #......      54%         1    ##.....
 Ensorcelled Hibernation  Hex/Ice        #.....       67%         2    ###....
 Confuse                  Hex            #.......     88%         3    ####...
 Dazzling Spray           Conj/Hex       #.....       88%         3    ####...
 Tukima's Dance           Hex            #.......     88%         3    ####...


Dungeon Overview and Level Annotations

Branches:
Dungeon (5/15)
 Temple: D:4-7

Altars:
Hepliaklqana
Qazlal

Annotations:
D:5 Prince Ribbit


Innate Abilities, Weirdness & Mutations

Your system is resistant to poisons. (rPois)
Your muscles are strong. (Str +2)


Message History

The hound skeleton bites you but does no damage.
You hit the hound skeleton.
The hound skeleton is heavily damaged.
The hound skeleton bites you but does no damage.
You barely miss the hound skeleton.
The hound skeleton is heavily damaged.
The hound skeleton misses you.
The hound skeleton bites you but does no damage.
You hit the hound skeleton.
The hound skeleton is heavily damaged.
The hound skeleton bites you.
* * * LOW HITPOINT WARNING * * *
You slash the hound skeleton!
The hound skeleton is almost destroyed.
The hound skeleton closely misses you.
Okay, then.
The hound skeleton bites you but does no damage.
Prince Ribbit gives a loud, deep croak!
Prince Ribbit hits you!
You die...

##################
.F..........5.l..#
################Z#
#....#@# .#
#.#..#F# .#
#.#<.#.# .#
########.####.# ..
.......>......#
..################
..# #.#


You could see Prince Ribbit and a hound skeleton.

Vanquished Creatures
  Edmund (D:4)
  A sky beast (D:4)
  An ogre (D:2)
  A scorpion (D:4)
  An orc priest (D:4)
  A hound (D:5)
  3 orc wizards (D:4)
  A bullfrog skeleton (D:4)
  An iguana (D:4)
  Natasha (D:4)
  2 worker ants (D:4)
  10 adders
  An adder skeleton (D:3)
  A worm (D:2)
  A dart slug (D:4)
  A leopard gecko (D:3)
  5 orcs
  A ball python (D:1)
  7 bats
  6 giant cockroaches
  8 goblins
  7 hobgoblins
  10 jackals
  3 frilled lizards
  10 kobolds
  6 rats
  2 plants (D:3)
93 creatures vanquished.

Notes
Turn   | Place    | Note
-------+----------+-------------------------------------------
     0 | D:1      | Borgoz the Hill Orc Monk began the quest for the Orb.
     0 | D:1      | Reached XP level 1. HP: 19/19 MP: 1/1
   305 | D:1      | Reached XP level 2. HP: 25/27 MP: 2/2
   420 | D:1      | Reached skill level 1 in Armour
   892 | D:1      | Reached XP level 3. HP: 23/33 MP: 3/3
  1686 | D:2      | Reached XP level 4. HP: 32/40 MP: 4/4
  2159 | D:2      | Noticed an ogre
  2169 | D:2      | HP: 2/41 [poisoned by an adder]
  2173 | D:2      | Killed an ogre
  2173 | D:2      | Reached skill level 5 in Axes
  2173 | D:2      | Reached XP level 5. HP: 22/47 MP: 5/5
  2177 | D:2      | Gained mutation: Your muscles are strong. (Str +2) [potion
                  | of mutation]
  2177 | D:2      | Gained mutation: Your system is resistant to poisons.
                  | (rPois) [potion of mutation]
  3242 | D:3      | Reached skill level 5 in Fighting
  3304 | D:3      | Reached XP level 6. HP: 48/56 MP: 6/6
  3677 | D:3      | Found a hazy altar of Hepliaklqana.
  4021 | D:4      | Noticed a sky beast
  4041 | D:4      | Killed a sky beast
  4370 | D:4      | Reached XP level 7. HP: 27/61 MP: 7/7
  4383 | D:4      | HP: 3/61 [orc wizard/magic dart (4)]
  4644 | D:4      | Noticed Edmund
  4697 | D:4      | Killed Edmund
  4925 | D:4      | Noticed Natasha
  4940 | D:4      | Killed Natasha
  5413 | D:3      | Found a stormy altar of Qazlal.
  6135 | D:5      | Entered Level 5 of the Dungeon
  6169 | D:5      | Noticed Prince Ribbit
  6193 | D:5      | HP: 3/63 [hound (2)]
  6212 | D:5      | HP: 2/63 [hound skeleton (4)]
  6217 | D:5      | Mangled by Prince Ribbit

Skill      XL: |  1  2  3  4  5  6  7 |
---------------+----------------------+-----
Armour         | 1 2 3 4 |  4.4
Fighting       | 4 5 6 |  6.2
Dodging        | 3 4 |  4.3
Axes           | 5 6 |  6.8
Stealth        | |  1.5

Action                   |  1- 3 |  4- 6 |  7- 9 || total
-------------------------+-------+-------+-------++-------
Melee: Hand axe          |   122 |   280 |   141 ||   543
  Use: Potion            |       |     4 |     5 ||     9
       Scroll            |       |    11 |     2 ||    13
 Stab: Sleeping          |     1 |     1 |       ||     2
  Eat: Chunk             |     1 |    10 |    14 ||    25
Armor: Robe              |    18 |     9 |       ||    27
       Ring mail         |       |    45 |    39 ||    84
Dodge: Dodged            |    99 |   150 |   108 ||   357
